 Dungeon Crawl Stone Soup version 0.18.1-6-gd335043 (webtiles) character file.

3585 Northaan the Thaumaturge (level 10, -3/56 HPs)
             Began as a Gargoyle Earth Elementalist on May 17, 2016.
             Was a Priest of Vehumet.
             Slain by an unseen horror (9 damage)
             ... on level 8 of the Dungeon.
             The game lasted 00:32:51 (11516 turns).

Northaan the Thaumaturge (GrEE)                    Turns: 11516, Time: 00:32:52

Health: -3/56      AC: 17    Str: 13    XL:     10   Next: 10%
Magic:  17/22      EV: 12    Int: 18    God:    Vehumet [***...]
Gold:   200        SH:  0    Dex: 10    Spells: 4 memorised, 13 levels left

rFire  . . .     SeeInvis .     b - 207 stones
rCold  . . .     Gourm    .     a - +0 robe
rNeg   + . .     Faith    .     (no shield)
rPois  ∞         Spirit   .     u - +1 helmet
rElec  +         Dismiss  .     k - +0 cloak
rCorr  +         Reflect  .     j - +0 pair of gloves
SustAt .         Harm     .     o - +0 pair of boots
MR     .....                    (no amulet)
Stlth  ++........               K - +2 ring of protection
                                G - ring of resist corrosion

@: not resistant to hostile enchantments, unstealthy
A: negative energy resistance 1, electricity resistance, unbreathing,
petrification resistance, rot immunity, AC +7
a: Renounce Religion


You were on level 8 of the Dungeon.
You worshipped Vehumet.
Vehumet was most pleased with you.
You were hungry.

You visited 1 branch of the dungeon, and saw 9 of its levels.

You collected 485 gold pieces.
You spent 285 gold pieces at shops.

Inventory:

Hand Weapons
 f - a +0 whip
Missiles
 b - 207 stones (in hand)
Armour
 a - a +0 robe (worn)
 j - a +0 pair of gloves (worn)
 k - a +0 cloak (worn)
 o - a +0 pair of boots (worn)
 u - a +1 helmet (worn)
 A - the cursed +0 pair of gloves of Qixoe {Dex+4}
   (You bought it in a shop on level 5 of the Dungeon)

   It affects your dexterity (+4).
   It has a curse placed upon it.
 R - a troll hide
Jewellery
 G - a ring of resist corrosion (left hand)
 I - a cursed amulet of inaccuracy
 K - a +2 ring of protection (right hand)
Wands
 i - a wand of acid (8/15)
 s - a wand of random effects (26/48)
 t - a wand of random effects (28/48)
 z - a wand of random effects (22/48)
 N - a wand of flame (29/48)
Scrolls
 e - 4 scrolls of teleportation
 h - 3 scrolls of amnesia
 r - a scroll of blinking {unknown}
 w - a scroll of recharging {unknown}
 y - 5 scrolls of remove curse
 B - 2 scrolls of vulnerability
 D - a scroll of silence
 F - a scroll of fog
 J - a scroll of enchant weapon {unknown}
 L - a scroll of identify
 O - a scroll of immolation
Potions
 l - a potion of haste {unknown}
 m - 4 potions of degeneration {unknown}
 n - 10 potions of curing
 p - 2 potions of flight {unknown}
 q - 2 potions of might {unknown}
 v - 2 potions of brilliance {unknown}
 C - 3 potions of beneficial mutation {unknown}
 E - a potion of heal wounds {unknown}
Books
 c - a book of Geomancy

   Spells                             Type                      Level
   a - Sandblast                      Earth                        1
   b - Passwall                       Transmutation/Earth          2
   c - Stone Arrow                    Conjuration/Earth            3
   d - Petrify                        Transmutation/Earth          4
   e - Lee's Rapid Deconstruction     Earth                        5
 H - a book of the Earth

   Spells                             Type                      Level
   a - Leda's Liquefaction            Hexes/Earth                  4
   b - Bolt of Magma                  Conjuration/Fire/Earth       5
   c - Statue Form                    Transmutation/Earth          6
   d - Iron Shot                      Conjuration/Earth            6
   e - Shatter                        Earth                        9
Comestibles
 d - 3 bread rations
 g - a royal jelly
 x - 2 meat rations
 M - 23 fruits


   Skills:
 + Level 3.7 Fighting
 + Level 3.6 Maces & Flails
 + Level 4.0 Armour
 + Level 3.3 Dodging
 - Level 2.1 Stealth
 + Level 8.0 Spellcasting
 + Level 5.9 Conjurations
   Level 0.7 Transmutations
 * Level 2.4 Fire Magic
 + Level 7.5 Earth Magic
 + Level 1.6 Poison Magic


You had 13 spell levels left.
You knew the following spells:

 Your Spells              Type           Power        Failure   Level  Hunger
a - Sandblast             Erth           ####..       1%          1    None
b - Stone Arrow           Conj/Erth      ####..       1%          3    #......
c - Mephitic Cloud        Conj/Pois/Air  ###.....     3%          3    #......
d - Bolt of Magma         Conj/Fire/Erth ####......   10%         5    #####..


Dungeon Overview and Level Annotations

Branches:
Dungeon (9/15)             Temple (0/1) D:5
   Lair: D:8-11         Orc: D:9-12

Altars:
Ashenzari
Elyvilon
Fedhas
Kikubaaqudgha
Makhleb
Pakellas
Qazlal
Trog
Vehumet
Yredelemnul
Zin
The Shining One

Shops:
D:4 %   D:5 [

Annotations:
D:5 Gorice's ghost, novice HuSk
D:9 Grum; lightmor's ghost, novice MiBe


Innate Abilities, Weirdness & Mutations

You are resistant to torment.
Your stone body is resilient (AC +7).
You are immune to poison.
You resist negative energy.
You are resistant to electric shocks.
You can survive without breathing.
You are immune to petrification.
You are immune to rotting.


Message History

Confirm with . or Enter, or press ? or * to list all spells.
Aiming: Sandblast
Press: ? - help, Shift-Dir - straight line You closely miss something.
Something hits you but does no damage. Something hits you.
Something hits you but does no damage. x2
You barely miss something. Something hits you.
Something hits you but does no damage. x2
You barely miss something. Something hits you.
* * * LOW HITPOINT WARNING * * *
Something hits you.
* * * LOW HITPOINT WARNING * * *
Something hits you but does no damage. Something hits you.
* * * LOW HITPOINT WARNING * * *
Something hits you but does no damage. Something hits you!
* * * LOW HITPOINT WARNING * * *
Something hits you but does no damage.
You see here a club.
Something hits you!
You die...

......#...........#............#
......'...........#............#
########...####...####..####+#.#
#...####...####...####..###....#
.....'.....#.......<...........#
.....#.....'.)..)..............#
.....#.....#.........)........###
..#'##.##..###......##[..##...##.
###.##.##..#####@#####.[.##......
#..........#...)).....>.........
#..........#....................
#..........#.........>..........
###..####...##[...####.######'##.
.....#_##...##....####.####...##.
#....#'#...........#...........'.
#......#...........#..........##.
#......#...........#..........##.


There were no monsters in sight!

Vanquished Creatures
  A troll (D:8)
  2 hippogriffs
  A water moccasin (D:6)
  A sky beast (D:9)
  4 orc warriors
  A black bear (D:6)
  An ice beast (D:7)
  5 ogres
  A wolf (D:8)
  3 centaurs
  A big kobold (D:8)
  3 giant frogs
  A scorpion (D:8)
  3 killer bees
  5 wights
  A howler monkey (D:2)
  A crimson imp (D:8)
  A giant frog zombie (D:7)
  A quasit (D:7)
  6 orc priests
  2 hounds
  5 orc wizards
  A centaur skeleton (D:8)
  6 worker ants
  A hound zombie (D:7)
  Robin (D:3)
  3 gnolls (D:6)
  10 adders
  3 shadow imps
  An ooze (D:3)
  An adder zombie (D:6)
  2 worms
  A dart slug (D:2)
  4 giant geckos
  27 orcs
  7 bats
  3 giant cockroaches
  13 goblins
  6 hobgoblins
  4 jackals
  6 kobolds
  3 quokkas (D:2)
  3 ball pythons
  2 giant gecko skeletons (D:4)
  3 giant newts
  11 rats
172 creatures vanquished.

Vanquished Creatures (others)
  A wasp (D:6)
1 creature vanquished.

Grand Total: 173 creatures vanquished

Notes
Turn   | Place    | Note
--------------------------------------------------------------
     0 | D:1      | Northaan the Gargoyle Earth Elementalist began the quest for the Orb.
     0 | D:1      | Reached XP level 1. HP: 10/10 MP: 3/3
  1041 | D:1      | Reached XP level 2. HP: 13/15 MP: 3/5
  1530 | D:1      | Reached skill level 3 in Spellcasting
  1762 | D:2      | Reached XP level 3. HP: 19/19 MP: 7/7
  1875 | D:2      | Learned a level 3 spell: Stone Arrow
  1935 | D:2      | Found a basalt altar of Yredelemnul.
  2288 | D:2      | Found a radiant altar of Vehumet.
  2382 | D:2      | Became a worshipper of Vehumet
  2622 | D:3      | Noticed an ogre
  3225 | D:4      | Found Quuham's Food Boutique.
  3313 | D:4      | Reached XP level 4. HP: 24/24 MP: 5/9
  3342 | D:2      | Reached skill level 1 in Conjurations
  3470 | D:2      | Reached skill level 4 in Spellcasting
  3470 | D:2      | Reached XP level 5. HP: 27/28 MP: 2/11
  3544 | D:3      | Noticed Robin
  3827 | D:3      | Killed Robin
  3867 | D:4      | Reached * piety under Vehumet
  3867 | D:4      | Offered knowledge of Freeze by Vehumet.
  4193 | D:3      | Found a burning altar of Makhleb.
  4291 | D:3      | Found a white marble altar of Elyvilon.
  4291 | D:3      | Found a glowing silver altar of Zin.
  4704 | D:3      | Killed an ogre
  4704 | D:3      | Reached XP level 6. HP: 32/32 MP: 4/13
  4903 | D:4      | Reached skill level 5 in Spellcasting
  5195 | D:4      | Reached skill level 5 in Earth Magic
  5547 | D:4      | Found a glowing golden altar of the Shining One.
  5787 | D:5      | Entered Level 5 of the Dungeon
  5805 | D:5      | Found Santiyxo's Antique Armour Shop.
  5834 | D:5      | Reached XP level 7. HP: 28/36 MP: 0/15
  5963 | D:5      | Found a staircase to the Ecumenical Temple.
  6063 | D:5      | Noticed Gorice's ghost (novice HuSk)
  6630 | D:5      | Bought a pair of spiked gloves for 285 gold pieces
  6630 | D:5      | Identified the cursed +0 pair of gloves of Qixoe {Dex+4} (You bought it in a shop on level 5 of the Dungeon)
  6778 | D:6      | Reached skill level 6 in Spellcasting
  6996 | D:7      | Reached XP level 8. HP: 36/41 MP: 10/17
  7342 | D:7      | Found a bloodstained altar of Trog.
  7521 | D:7      | Found a blossoming altar of Fedhas.
  7573 | D:7      | Reached skill level 1 in Maces & Flails
  7573 | D:7      | Reached skill level 1 in Armour
  7625 | D:7      | Found a stormy altar of Qazlal.
  7661 | D:7      | Reached ** piety under Vehumet
  7776 | D:7      | Reached skill level 1 in Fighting
  8136 | D:7      | Reached skill level 7 in Spellcasting
  8163 | D:7      | Offered knowledge of Magic Dart by Vehumet.
  8453 | D:6      | Found an oddly glowing altar of Pakellas.
  8453 | D:6      | Noticed an orange crystal statue
  8604 | D:6      | Reached XP level 9. HP: 41/48 MP: 6/19
  8651 | D:6      | Reached skill level 5 in Conjurations
  8739 | D:6      | Found a shattered altar of Ashenzari.
  9873 | D:8      | Found an ancient bone altar of Kikubaaqudgha.
  9881 | D:8      | Offered knowledge of Mephitic Cloud by Vehumet.
  9917 | D:8      | Learned a level 3 spell: Mephitic Cloud
 10234 | D:8      | Learned a level 5 spell: Bolt of Magma
 10454 | D:9      | Noticed lightmor's ghost (novice MiBe)
 10557 | D:9      | Noticed a troll
 10582 | D:8      | Killed a troll
 10582 | D:8      | Reached skill level 1 in Fire Magic
 10582 | D:8      | Reached skill level 1 in Poison Magic
 10775 | D:9      | Reached *** piety under Vehumet
 10989 | D:9      | Noticed Grum
 10991 | D:9      | Reached XP level 10. HP: 47/56 MP: 15/21
 11271 | D:9      | Reached skill level 8 in Spellcasting
 11516 | D:8      | Slain by an unseen horror

Skill      XL: |  1  2  3  4  5  6  7  8  9 10 |
---------------+-------------------------------+-----
Spellcasting   | 3 4 5 6 7 8 |  8.0
Earth Magic    | 4 5 6 7 |  7.5
Conjurations   | 1 2 4 5 |  5.9
Maces & Flails | 2 3 |  3.6
Armour         | 2 3 4 |  4.0
Dodging        | 2 3 |  3.3
Fighting       | 2 3 |  3.7
Fire Magic     | 2 |  2.4
Poison Magic   | 1 |  1.6
Stealth        | |  2.1
Transmutations | |  0.7

Action                   |  1- 3 |  4- 6 |  7- 9 | 10-12 || total
-------------------------+-------+-------+-------+-------++-------
Melee: Whip              |   111 |   142 |    23 |       ||   276
 Cast: Sandblast         |    34 |    48 |   170 |    25 ||   277
       Stone Arrow       |       |    20 |    76 |     9 ||   105
       Mephitic Cloud    |       |       |     1 |     4 ||     5
  Use: Scroll            |       |       |    15 |       ||    15
 Stab: Sleeping          |     1 |       |       |       ||     1
  Eat: Chunk             |     7 |     4 |    14 |     1 ||    26
       Bread ration      |       |     1 |     1 |       ||     2
       Fruit             |       |       |     1 |       ||     1
Armor: Robe              |    56 |    98 |   110 |    48 ||   312
Dodge: Dodged            |   120 |   169 |   123 |    18 ||   430
